 Dungeon Crawl Stone Soup version 0.29-a0-322-g68df515428 (webtiles) character file.

Game seed: 5164015068391482794

109 zishaf the Skirmisher (level 4, 0/52 HPs)
             Began as an Ogre Chaos Knight on Apr 5, 2022.
             Was a Plaything of Xom.
             Slain by a goblin
             ... wielding a +0 club
             ... led by Robin
              (5 damage)
             ... on level 2 of the Dungeon.
             The game lasted 00:03:22 (2171 turns).

zishaf the Skirmisher (Ogre Chaos Knight)           Turns: 2171, Time: 00:03:22

Health: 0/52       AC:  6    Str: 16    XL:     4   Next: 89%
Magic:  8/8        EV:  9    Int: 15    God:    Xom [..*...]
Gold:   95         SH:  0    Dex:  8    Spells: 9/9 levels left

rFire   . . .      SeeInvis .   a - +0 spear (chaos)
rCold   + . .      Faith    .   (no shield)
rNeg    . . .      Spirit   .   b - +2 robe
rPois   .          Reflect  .   (helmet restricted)
rElec   .          Harm     .   e - +0 cloak
rCorr   +          Rampage  .   (gloves unavailable)
Will    .....                   (boots unavailable)
Stlth   +.........              (no amulet)
HPRegen 0.17/turn               p - ring of resist corrosion
MPRegen 0.11/turn               q - ring of protection from cold

@: no status effects
A: large, unfitting armour, tough skin 1
a: Renounce Religion


You were on level 2 of the Dungeon.
You worshipped Xom.
You were a toy of Xom.
You visited 1 branch of the dungeon, and saw 3 of its levels.

You collected 95 gold pieces.

Inventory:

Hand Weapons
 a - a +0 spear of chaos (weapon)
Missiles
 h - 2 throwing nets
Armour
 b - a +2 robe (worn)
 e - a +0 cloak (worn)
Jewellery
 p - a ring of resist corrosion (left hand)
 q - a ring of protection from cold (right hand)
Scrolls
 d - a scroll of blinking {unknown}
 i - a scroll of fog {unknown}
 j - 2 scrolls of fear {unknown}
 k - a scroll of teleportation {unknown}
 l - 2 scrolls of identify {unknown}
 o - a scroll of summoning {unknown}
Potions
 f - 3 potions of haste {unknown}
 g - a potion of curing {unknown}
 m - a potion of berserk rage {unknown}
 n - a potion of lignification {unknown}
Miscellaneous
 c - a piece from Xom's chessboard (15/15) (quivered)


   Skills:
 + Level 5.8 Fighting
 - Level 3.0 Polearms
 - Level 2.1 Dodging
 + Level 3.2 Spellcasting


You had 9 spell levels left.
You didn't know any spells.
Your spell library contained the following spells:

 Spells                   Type           Power      Damage    Failure   Level
 Ozocubu's Armour         Ice            2%         N/A       52%         3
 Ozocubu's Refrigeration  Ice            1%         4d5       100%        7


Dungeon Overview and Level Annotations

Branches:
Dungeon (3/15)

Altars:

Shops:
D:2 (

Annotations:
D:3 Robin


Innate Abilities, Weirdness & Mutations

You are too large for most types of armour.
You have tough skin. (AC +1)


Message History

The orb spider is lightly wounded.
The goblin hits you with a +0 club. The hobgoblin barely misses you.
Robin roars a battlecry!
The goblins go into a battle-frenzy!
You hear a shout! x2
You hit the orb spider.
The orb spider looks as sick as possible!
The orb spider is moderately wounded.
The goblin completely misses you.
A goblin comes into view. It is wielding a +0 club.
The hobgoblin barely misses you.
You closely miss the hobgoblin.
The orb spider weaves a glowing orb of energy.
An orb of destruction comes into view.
The hobgoblin barely misses you.
The wavering orb of destruction hits you!!!
Ouch! That really hurt!
* * * LOW HITPOINT WARNING * * *
The hobgoblin attacks as you move away! The hobgoblin barely misses you.
There is a stone staircase leading up here.
The goblin barely misses you. The hobgoblin completely misses you.
You climb upwards.
There is a stone staircase leading down here.
You hit the hobgoblin. You freeze the hobgoblin.
The hobgoblin is heavily wounded.
The goblin closely misses you. The hobgoblin barely misses you.
You closely miss the hobgoblin.
The hobgoblin is heavily wounded.
The goblin closely misses you. The hobgoblin hits you.
* * * LOW HITPOINT WARNING * * *
You hit the hobgoblin.
The hobgoblin is poisoned.
The hobgoblin is almost dead.
The goblin hits you with a +0 club.
* * * LOW HITPOINT WARNING * * *
The hobgoblin barely misses you.
You closely miss the hobgoblin.
The hobgoblin is almost dead.
The goblin hits you with a +0 club.
You die...
Xom yawns loudly!

# #.####...........### # #
#.#.......<........#########
#
#.#.##...##...............##
#.#....#...........######.##
###.#..#...##.##...### #.##
#.).#..##.###.##...# #.##
#.#...........###.## #.##
#.#..........g....# #.#.
#.#.......###@##### #...
#.#......#.##g##### #...
#.#......##.......# #...
#.#......#.##.###.# #...
####.#.....#.###.###.##
##...
......................#
#..#.
####.............###..#
#.### ##.......###### #..#
#.# # ##...#..##### #<.# #.#
#


You could see a hobgoblin (strong, very poisoned) and a goblin (strong).

Vanquished Creatures
  4 adders (D:2)
  2 worms (D:2)
  2 dart slugs
  5 endoplasms
  8 giant cockroaches
  6 goblins
  5 hobgoblins
  4 quokkas
  2 ball pythons
  7 bats
  2 frilled lizards
  4 kobolds
  8 rats
59 creatures vanquished.

Notes
Turn   | Place    | Note
-------+----------+-------------------------------------------
     0 | D:1      | zishaf the Ogre Chaos Knight began the quest for the Orb.
     0 | D:1      | Reached XP level 1. HP: 24/24 MP: 1/1
   185 | D:1      | Reached skill level 1 in Spellcasting
   185 | D:1      | Reached XP level 2. HP: 32/33 MP: 1/3
   305 | D:1      | XOM: divination: detect creatures
   450 | D:1      | XOM: silly message
   453 | D:1      | Reached XP level 3. HP: 41/41 MP: 5/5
   626 | D:1      | You fall into a shaft and drop 1 floor!
   646 | D:2      | Reached skill level 5 in Fighting
   829 | D:2      | XOM: silly message
  1102 | D:2      | Found Ockuedaz's Weapon Emporium.
  1139 | D:2      | Reached XP level 4. HP: 43/50 MP: 7/7
  1639 | D:1      | XOM: god gift: cabochon ring {god gift}
  1815 | D:2      | XOM: divination: magic mapping
  1846 | D:2      | XOM: silly message
  2157 | D:3      | Noticed a glowing shapeshifter
  2157 | D:3      | a goblin changed into a glowing shapeshifter
  2157 | D:3      | Noticed an orb spider
  2157 | D:3      | a glowing shapeshifter changed into an orb spider
  2157 | D:3      | Noticed Robin
  2171 | D:2      | Slain by a goblin

Illustrated notes

Levels and vault maps discovered:
D:1:      saegor_arrival_simple_c, layout_basic, minmay_worlds_worst_comb
D:2:      layout_loops_ring, serial_shops, nicolae_shop_bloodbath_and_beyond
D:3:      layout_loops_ring, nicolae_ashenzari_skybound,
          nicolae_overflow_ecumenical_swirl,
          shapermc_ecumenical_altar_mp_ritualfount, minivault_5, uniq_jessica,
          uniq_robin

Skill      XL: |  1  2  3  4 |
---------------+-------------+-----
Spellcasting   | 1 2 3 |  3.2
Fighting       | 5 |  5.8
Polearms       | |  3.0
Dodging        | |  2.1

Action                   |  1- 3 |  4- 6 || total
-------------------------+-------+-------++-------
Melee: Spear             |   146 |    88 ||   234
       Punch             |     2 |       ||     2
 Stab: Paralysed         |       |     3 ||     3
       Sleeping          |       |     2 ||     2
Armor: Robe              |    43 |    28 ||    71
Dodge: Dodged            |    34 |    33 ||    67

Table legend: (Time is in decaauts)
 A = Elapsed time spent in this place.
 B = Non-inter-level travel time spent in this place.
 C = Inter-level travel time spent in this place.
 D = Time resting spent in this place.
 E = Time spent auto-exploring this place.
 F = Levels seen in this place.
 G = Mean time per level.
                   A        B        C        D        E       F      G
               +--------+--------+--------+--------+--------+-----+--------+
         Total |   2160 |   2127 |     33 |    228 |   1483 |   3 |  720.0 |
       Dungeon |   2160 |   2127 |     33 |    228 |   1483 |   3 |  720.0 |
               +--------+--------+--------+--------+--------+-----+--------+

Top non-repeatable levels by time:
     D:1: 1115 daAuts
     D:2: 972 daAuts
     D:3: 72 daAuts
